Cogmind - Beta 9 @@@ ROGUE MODE // 2019.10.23 @ 13:32:02 Player: Dendrocnid Result: Self-destructed Performance ------------- Evolutions (2) 1000 Regions Visited (3) 600 Robots Destroyed (39) 195 Value Destroyed (1056) 1056 Prototype IDs (0) 0 Alien Tech Used (0) 0 Bonus (0) 0 TOTAL SCORE: 2851 Bonus ------- None Cogmind --------- Core Integrity 160/550 Matter 300/300 Energy 100/100 System Corruption 16% Temperature Cool (9) Location -8/Materials Parts ------- Power (1) Propulsion (4) Utility (4) Large Storage Unit Weapon (2) Inventory (10) Wheel Wheel Large Storage Unit High-capacity Battery (400) Heavy Armor Plating Rocket Launcher Improved Datajack Axe Axe Peak State ------------ Power Light Deuterium Engine Propulsion Improved Treads Improved Treads Improved Treads Utility Heat Sink Large Storage Unit Large Storage Unit Improved Light Armor Plating Weapon Heavy Particle Cannon Flak Cannon Inventory Ion Engine Wheel Wheel Wheel High-capacity Battery Heavy Armor Plating Hardened Light Armor Plating Heavy Particle Cannon Rocket Launcher Improved Datajack Improved Datajack Axe Axe [Rating: 24] Favorites ----------- Power Light Ion Engine Engine Light Ion Engine Propulsion Improved Treads Treads Improved Treads Leg Aluminum Leg Wheel Wheel Utility Large Storage Unit Device Heat Sink Storage Large Storage Unit Protection Hardened Light Armor Plating Weapon Light Cannon Energy Gun EM Shotgun Energy Cannon Heavy Particle Cannon Ballistic Gun Light Assault Rifle Ballistic Cannon Light Cannon Launcher Rocket Launcher Slashing Weapon Axe Special Melee Weapon Improved Datajack Build | -11 -10 -9 -8 ------- Run | Scr Mat Mat Mat Slots Evolved 4 | . . 2 2 Power . | . . . . Propulsion 2 | . . . 2 Utility 2 | . . 2 . Weapon . | . . . . Parts Attached 42 | 6 6 17 13 Power 8 | 1 3 2 2 Engine 8 | 1 3 2 2 Core . | . . . . Reactor . | . . . . Propulsion 12 | 2 . 5 5 Treads 5 | . . . 5 Leg 2 | . . 2 . Wheel 5 | 2 . 3 . Hover . | . . . . Flight . | . . . . Utility 7 | 1 1 3 2 Device 1 | . . 1 . Storage 3 | 1 1 1 . Processor . | . . . . Hackware . | . . . . Protection 3 | . . 1 2 Artifact . | . . . . Weapon 15 | 2 2 7 4 Energy Gun 2 | . . 2 . Energy Cannon 2 | . . . 2 Ballistic Gun 4 | 2 . 2 . Ballistic Cannon 3 | . 2 . 1 Launcher 1 | . . 1 . Special Weapon . | . . . . Impact Weapon . | . . . . Slashing Weapon 2 | . . 2 . Piercing Weapon . | . . . . Special Melee Weapon 1 | . . . 1 Unidentified Prototypes . | . . . . Parts Lost 27 | . 4 8 15 Power 6 | . 2 2 2 Propulsion 8 | . 1 2 5 Utility 4 | . . . 4 Weapon 9 | . 1 4 4 Highest Loss Streak 8 | . 3 6 8 Average Slot Usage (%) 82 | . 78 87 82 Engine 10 | . 13 9 8 Treads 8 | . . . 23 Leg 1 | . . 3 . Wheel 12 | . 21 16 . Device 5 | . . 9 8 Storage 18 | . 14 22 18 Protection 5 | . . 7 7 Energy Gun 2 | . . 6 1 Energy Cannon 1 | . . . 4 Ballistic Gun 7 | . 12 4 4 Ballistic Cannon 7 | . 15 1 5 Slashing Weapon 1 | . . 3 . Naked Turns . | . . . . Heaviest Build 53 | 9 25 51 53 Greatest Support 69 | 26 26 20 69 Greatest Overweight (x) 13 | . 1 13 1 Average Overweight (x) . | . . 2 . Largest Inventory Capacity 16 | 6 12 16 16 Average Capacity 13 | 4 7 16 15 Most Carried 16 | 3 6 9 16 Average Carried 7 | 2 4 5 12 Final Capacity 10 | . . . 10 Final Carried 10 | . . . 10 Class Distribution -------------------- 90% | Mutant 9% | Scavenger-Mutant Dominant Class ---------------- Mutant | -10/Materials Mutant | -9/Materials Mutant | -8/Materials Resources | -11 -10 -9 -8 ----------- Run | Scr Mat Mat Mat Matter Collected 973 | 231 294 220 228 Remotely . | . . . . Salvage Created 1094 | . 194 437 463 Parts 77 | . 25 30 22 Haulers Intercepted . | . . . . Recyclers Shooed 1 | . . . 1 Parts Field Recycled . | . . . . Retrieved Matter . | . . . . Parts Self-Destructed . | . . . . Prevented . | . . . . Kills | -11 -10 -9 -8 ------- Run | Scr Mat Mat Mat Combat Hostiles Destroyed 35 | . 13 13 9 Guns 7 | . 4 3 . Cannons 20 | . 9 2 9 AOE 8 | . . 8 . Classes Destroyed 7 | . 3 2 2 Recycler 1 | . . . 1 Operator 1 | . 1 . . Watcher 2 | . . 1 1 Swarmer 15 | . 11 4 . Grunt 15 | . 2 6 7 Brawler 1 | . . . 1 Sentry 4 | . . 3 1 Best Kill Streak 6 | . 5 6 4 Combat Bots Only 6 | . 5 6 4 Max Kills in Single Turn 4 | . 2 4 2 Gunslinging . | . . . . Exploded 4 | . . 4 . Melee . | . . . . Uniques/NPCs Destroyed . | . . . . Combat | -11 -10 -9 -8 -------- Run | Scr Mat Mat Mat Damage Taken 3747 | . 810 742 2195 Core 804 | . 212 202 390 Absorbed by Shields . | . . . . Core Remaining (%) 54 | 100 15 49 . Volleys Fired 96 | . 39 22 35 Largest 2 | . 2 2 2 Hottest 150 | . 70 70 150 Shots Fired 174 | . 78 29 67 Gun 52 | . 26 21 5 Cannon 118 | . 52 4 62 Launcher 4 | . . 4 . Special . | . . . . Kinetic 115 | . 78 11 26 Thermal 41 | . . . 41 Explosive 4 | . . 4 . Electromagnetic 14 | . . 14 . Robot Hit Streak 21 | . 9 21 12 Robot Miss Streak 6 | . 6 1 4 Penetration Max . | . . . . Secondary Targets . | . . . . Shots Hit Robots 114 | . 34 26 54 Core Hits 67 | . 16 22 29 Critical Hits . | . . . . Critical Kills . | . . . . Critical Parts Destroyed . | . . . . Melee Attacks 1 | . . . 1 Impact . | . . . . Slashing . | . . . . Piercing . | . . . . Sneak Attacks . | . . . . Combat Hostiles . | . . . . Follow-up Attacks . | . . . . Damage Inflicted 2161 | . 448 790 923 Guns 361 | . 109 223 29 Cannons 1302 | . 339 74 889 Explosions 493 | . . 493 . Melee . | . . . . Ramming 5 | . . . 5 Kinetic 915 | . 448 124 343 Thermal 703 | . . 128 575 Explosive 365 | . . 365 . Electromagnetic 173 | . . 173 . Impact . | . . . . Slashing . | . . . . Piercing . | . . . . Highest Corruption 16 | . . 2 16 Average Corruption 10 | . . 2 13 Corruption Purged . | . . . . Effects 10 | . . 1 9 Message Errors 2 | . . . 2 Matter Fused 1 | . . . 1 Heat Flow Errors 1 | . . . 1 Energy Discharges 2 | . . 1 1 Data Loss (minor) 1 | . . . 1 Misfires 1 | . . . 1 Misdirections 2 | . . . 2 Overload Shots . | . . . . Overflow Damage 9 | . . 9 . Projectiles . | . . . . Explosions 9 | . . 9 . Melee . | . . . . Knockbacks 25 | . 8 . 17 Impact . | . . . . Kinetic 22 | . 7 . 15 Secondary 3 | . 1 . 2 Self-Inflicted Damage 199 | . . 199 . Shots 4 | . . 4 . Rammed 9 | . . . 9 Targets Rammed 9 | . . . 9 Kicked . | . . . . Crushed . | . . . . Highest Temperature 612 | . 138 13 612 Average Temperature 110 | . 32 6 169 Received Heat Transfer 1281 | . 72 192 1017 Effects 15 | . . . 15 Shutdowns 3 | . . . 3 Interference 3 | . . . 3 Matter Decay 2 | . . . 2 Short Circuit 2 | . . . 2 Damage (major) 5 | . . . 5 Siege Activations . | . . . . Robots Corrupted . | . . . . Combat Hostiles . | . . . . Parts Fried . | . . . . Impact Corruptions . | . . . . Robots Melted . | . . . . Combat Hostiles . | . . . . Parts Melted 2 | . . . 2 Heat Transferred 951 | . . 100 851 Parts Sabotaged . | . . . . Parts Stolen . | . . . . Parts Stripped . | . . . . Power Chain Reactions 3 | . . 3 . Missiles Intercepted . | . . . . Alert | -11 -10 -9 -8 ------- Run | Scr Mat Mat Mat Peak Influence 332 | . 240 332 197 Average Influence 120 | . 75 192 96 Maximum Alert Level 1 | . 1 1 . Low Security (%) 77 | . . . . Level 1 22 | . . . . Level 2 . | . . . . Level 3 . | . . . . Level 4 . | . . . . Level 5 . | . . . . High Security . | . . . . Max Security . | . . . . Squads Dispatched 5 | . 1 2 2 Investigation 1 | . . 1 . Extermination . | . . . . Reinforcement 4 | . 1 1 2 Assault . | . . . . Garrison . | . . . . Intercept . | . . . . Construction Impeded . | . . . . Haulers Reinforced . | . . . . Stealth | -11 -10 -9 -8 --------- Run | Scr Mat Mat Mat Distress Signals 3 | . 3 . . Communications Jammed . | . . . . Distress Signals . | . . . . Times Spotted 61 | . 25 20 16 Peak Tracking Total 9 | . 9 5 5 Tactical Retreats 3 | . 1 2 . Traps | -11 -10 -9 -8 ------- Run | Scr Mat Mat Mat Traps Triggered 2 | . 1 1 . Indirectly . | . . . . Trap Hack Attempts . | . . . . Triggered . | . . . . Disarmed . | . . . . Reprogrammed . | . . . . Reused . | . . . . Traps Extracted . | . . . . Installed . | . . . . Triggered . | . . . . Machines | -11 -10 -9 -8 ---------- Run | Scr Mat Mat Mat Machines Disabled 1 | . . 1 . Max in Single Turn 1 | . . 1 . Machines Sabotaged . | . . . . Garrisons Compromised . | . . . . Overloaded Fab Kills . | . . . . Fab Network Shutdowns . | . . . . Hacking | -11 -10 -9 -8 --------- Run | Scr Mat Mat Mat Machines Accessed 5 | . 4 1 . Terminals 5 | . 4 1 . Fabricators . | . . . . Repair Stations . | . . . . Recycling Units . | . . . . Scanalyzers . | . . . . Garrison Access . | . . . . Total Hacks 13 | . 11 2 . Successful 2 | . 2 . . Failed 11 | . 9 2 . Catastrophic 2 | . 2 . . Database Lockouts . | . . . . Manual 12 | . 10 2 . Terminals 13 | . 11 2 . Fabricators . | . . . . Repair Stations . | . . . . Recycling Units . | . . . . Scanalyzers . | . . . . Garrison Access . | . . . . Terminal Hacks . | . . . . Fabricator Hacks . | . . . . Repair Station Hacks . | . . . . Recycling Unit Hacks . | . . . . Scanalyzer . | . . . . Garrison Access Hacks . | . . . . Unauthorized Hacks 10 | . 8 2 . Terminals 2 | . 2 . . Botnet 2 | . 2 . . Fabricators . | . . . . Repair Stations . | . . . . Recycling Units . | . . . . Scanalyzers . | . . . . Garrison Access . | . . . . Data Cores Recovered 1 | . 1 . . Used . | . . . . Hacking Detections 5 | . 4 1 . Full Trace Events 1 | . . 1 . Feedback Events . | . . . . Feedback Blocked . | . . . . Robot Schematics Acquired . | . . . . Robots Built . | . . . . Matter . | . . . . Time . | . . . . Total Robot Build Rating . | . . . . Part Schematics Acquired . | . . . . Parts Built . | . . . . Matter . | . . . . Time . | . . . . Total Part Build Rating . | . . . . Parts Repaired . | . . . . Time . | . . . . Parts Recycled . | . . . . Recycled Matter . | . . . . Retrieved Matter . | . . . . Retrieved Components . | . . . . Parts Scanalyzed . | . . . . Part Schematics Acquired . | . . . . Parts Damaged . | . . . . Bothacking | -11 -10 -9 -8 ------------ Run | Scr Mat Mat Mat Used RIF Installer . | . . . . Robots Hacked 1 | . . . 1 Non-combat . | . . . . Combat 1 | . . . 1 Robot Hacks Applied 1 | . . . 1 parse_system 1 | . . . 1 Relay Couplers Released . | . . . . Robots Rewired . | . . . . Allies Hacked . | . . . . Hacks Repelled . | . . . . Allies | -11 -10 -9 -8 -------- Run | Scr Mat Mat Mat Total Allies . | . . . . Largest Group . | . . . . Highest-Rated Group . | . . . . Highest-Rated Ally . | . . . . Total Orders . | . . . . Ally Attacks . | . . . . Total Damage . | . . . . Kills . | . . . . Allies Corrupted . | . . . . Allies Melted . | . . . . Intel | -11 -10 -9 -8 ------- Run | Scr Mat Mat Mat Robot Analysis Total . | . . . . Derelict Logs Recovered . | . . . . Drone Launches . | . . . . Drone Recoveries . | . . . . Exploration | -11 -10 -9 -8 ------------- Run | Scr Mat Mat Mat Turns Passed 2145 | 56 647 726 716 Spaces Moved 1396 | 52 524 518 302 Core 6 | 2 . 4 . Treads 302 | . . . 302 Legs 51 | . . 51 . Wheels 1037 | 50 524 463 . Hover . | . . . . Flight . | . . . . Fastest Speed 50 | 50 90 100 160 Average Speed 116 | 86 96 113 164 Slowest Speed 700 | 90 110 700 180 Overloaded Moves . | . . . . Propulsion Burnouts . | . . . . Robots Hopped . | . . . . Cave-ins Triggered 1 | . . . 1 Exploration Rate (%) 38 | 3 83 42 24 Regions Visited 3 Branch Regions . Pre-discovered Areas . | . . . . Known Exits Taken . | . . . . Unknown Exits Taken 3 | 1 1 1 . Scrap Searched . | . . . . Spaces Dug . | . . . . Terrain Destroyed 51 | . . 33 18 Melee . | . . . . Projectile 18 | . . . 18 AOE 33 | . . 33 . Actions | -11 -10 -9 -8 --------- Run | Scr Mat Mat Mat Total 1685 | 60 594 626 405 Wait 95 | . 12 55 28 Move 1393 | 51 523 517 302 Hop . | . . . . Pick Up 36 | 3 9 13 11 Fast Attach 12 | 6 1 4 1 Attach 20 | . 3 8 9 Detach 2 | . . . 2 Swap 10 | . 2 5 3 Drop 11 | . 5 2 4 Fire 96 | . 39 22 35 Melee 1 | . . . 1 Ram 9 | . . . 9 Kick . | . . . . Crush . | . . . . Escape Stasis . | . . . . Rewire . | . . . . Trap . | . . . . Miscellaneous . | . . . . Route ------- -11/Scrapyard -10/Materials (discovered 3 exits: *Mat x3) -9/Materials (discovered 2 exits: [*Mat] / [*Min]) -8/Materials History --------- Turn | Location | Event 5 | -11/Scrapyard | Discovered new exit (range 16) 57 | -11/Scrapyard | Entered Materials 171 | -10/Materials | Discovered new exit (range 9) 315 | -10/Materials | Build established: Mutant 381 | -10/Materials | Discovered new exit (range 5) 419 | -10/Materials | Core integrity fell below 50% 452 | -10/Materials | Lost 3 parts (1p1n1w) 627 | -10/Materials | Discovered new exit (range 11) 663 | -10/Materials | Core integrity fell below 20% 704 | -10/Materials | Entered another Materials area 704 | -9/Materials | Evolved 2 slots: Utility x2 833 | -9/Materials | Lost 6 parts (1p1n4w) 1076 | -9/Materials | Core integrity fell below 50% 1336 | -9/Materials | Discovered new exit (range 15) 1425 | -9/Materials | Discovered new exit (range 5) 1430 | -9/Materials | Entered another Materials area 1430 | -8/Materials | Evolved 2 slots: Propulsion x2 1997 | -8/Materials | Crushed by falling debris 1997 | -8/Materials | System corruption reached 10% 2028 | -8/Materials | Lost 5 parts (1p1n2u1w) 2138 | -8/Materials | Core integrity fell below 50% 2146 | -8/Materials | Self-destructed Last Messages --------------- 02109_ Slammed into G-47 Trooper. 02111_ K-01 Serf collects debris. 02116_ Slammed into G-47 Trooper. 02116_ Lgt. Treads destroyed. 02117_ K-01 Serf collects debris. 02120_ System corrupted: Heat flow error (+221). 02122_ K-01 Serf collects debris. 02122_ Slammed into G-47 Trooper. 02122_ Destabilizing: Short circuit. 02122_ Lgt. Treads permanently disabled. 02124_ K-01 Serf collects debris. 02128_ K-01 Serf destroyed. 02129_ Slammed into G-47 Trooper. 02129_ K-01 Serf collects debris. 02132_ Ion Engine destroyed. 02135_ Slammed into G-47 Trooper. 02136_ Lgt. Treads destroyed. 02141_ Slammed into G-47 Trooper. 02141_ Destabilizing: Core damaged (-16). 02145_ Lrg. Storage Unit destroyed. Map ----- +----------------------------------------------------+ | ?????????????????????????????????????????????????? | | ?????????????????????????????????????????????????? | | ?????????????????????????????????????????????????? | | ?????????????????????????????????????????????????? | | ?????????????????????????????????????????????????? | | ?????????????????????????????????????????????????? | | ?????????????????????????????????????????????????? | | ?????????????????????????????????????????????????? | | ?????????????????????????????????????????????????? | | ?????????????????????????????????????????????????? | | ?????????????????????????????????????????????????? | | ?????????????????????????????????????????????????? | | ?????????????????????????????????????????????????? | | ?????????????????????????????????????????????????? | | ?????????????????????????????????????????????????? | | ?????????????????????????????????????????????????? | | ?????????????????????????????????????????????????? | | ????????????????????????????????????#????????????? | | ????????????????????????########### ?????????????? | | ????????????????????????# ?????????????? | | ????????????????????????# """" """ #????????????? | | ????????????????????????#!"""" "T" #????????????? | | ????????????????????????#="""" #######??????? | | ????????????????????????#%%!= ##! !##?????? | | ????????????????????????#/g%% #! !#?????? | | ????????????????????????#@g=% #! !#?????? | | ?????????????? ####+######g########## ####### | | ??????????? =%%! | | ??????????? !=%* | | ??????????? %=* *o | | ????????????+############## !###+################ | | ??????????????????????????# # [#??????# | | ??????????????????????????# # " #?? ??? | | ??????????????????????????# # T """ #??? ? | | ??????????????????????????# # " """ #???? | | ??????????????????????????#% # ] """ #??????? | | ?????????????????????????## + #??????# | | ??????????????????????######+##############??????? | | ??????????????????????# = [%#?????????????? | | ??????????????????????#"S ! !##?????????????? | | ??????????????????????#""" !! #??????????????? | | ??????????????????????# "" ! #??????????????? | | ??????????????????????# #??????????????? | | ??????????????????????# #??????????????? | | ??????????????????????# #??????????????? | | ??????????????????????#############??????????????? | | ?????????????????????????????????????????????????? | | ?????????????????????????????????????????????????? | | ?????????????????????????????????????????????????? | | ?????????????????????????????????????????????????? | +----------------------------------------------------+ Best States ------------- Heat Dissipation 41 Energy Generation 14 Energy Capacity 265 Matter Stores 300 Matter Capacity 300 Sight Range 16 Terrain Scan Density 10 Armor Coverage 150 Evasion (%) 44 Recoil Reduction 3 Item Schematics ----------------- None Robot Schematics ------------------ None Fabricated ------------ Nothing Alien Tech Used ----------------- None Achievements -------------- None Challenges ------------ None Game ------ Seed CompactCentriumRouter Manual? 0 Play Time 00:23:41 Cumulative 81.1 hours Start 2019.10.23 @ 11:42:30 End 2019.10.23 @ 13:32:02 Sessions 3 Manual Loads 0 Difficulty Rogue Special Mode None Game No. 142 Rogue 142 Adventurer 0 Explorer 0 Win Type - Total 0 Types 0/0/0/0/0/0/0 Lore% 24 Gallery% 47 Achievement% 35 Wizard Run 0 Options --------- ASCII 0 Keyboard 0 Movement Mouse Keybinds 0 Fullscreen 1 Font 14/SmallcapsGlow Map View 84x54 Tactical HUD 1 Map Filters NONE Filters NONE Steam 1 RUN: a4673d55-9369-42ae-8049-ab677269a890